 Dungeon Crawl Stone Soup version 0.31-a0-246-g8cbcc1cb85 (webtiles) character file.

Game seed: 12972502458516035539

247 Iniera the Trooper (level 5, 0/42 HPs)
             Began as a Demonspawn Brigand on July 13, 2023.
             Slain by a gnoll
             ... wielding a +0 halberd
              (15 damage)
             ... on level 4 of the Dungeon.
             The game lasted 00:02:19 (2726 turns).

Iniera the Trooper (Demonspawn Brigand)             Turns: 2726, Time: 00:02:20

Health: 0/42       AC:  6    Str: 13    XL:     5   Next: 85%
Magic:  5/5        EV: 10    Int: 13    God:
Gold:   296        SH:  0    Dex: 14    Spells: 4/4 levels left

rFire   . . .        a - +2 dagger
rCold   . . .        (no shield)
rNeg    . . .        i - +0 ring mail
rPois   .            (no helmet)
rElec   .            c - +0 cloak
rCorr   .            (no gloves)
SInv    .            (no boots)
Will    .....        (no amulet)
Stlth   ++           (no ring)
HPRegen 0.27/turn    (no ring)
MPRegen 0.09/turn

%: no passive effects
@: no status effects
A: foul stench 1, demonic touch 2
a: no special abilities


You were on level 4 of the Dungeon.
You visited 1 branch of the dungeon, and saw 4 of its levels.

You collected 296 gold pieces.

Inventory:

Hand Weapons
 a - a +2 dagger (weapon)
Missiles
 d - 14 poisoned darts (quivered)
 z - 6 curare-tipped darts
Armour
 c - a +0 cloak (worn)
 i - a +0 ring mail (worn)
Jewellery
 n - a ring of protection from cold
Scrolls
 h - 4 scrolls of identify
 l - a scroll of butterflies {unknown}
 m - a scroll of immolation {unknown}
Potions
 b - a potion of might
 e - a potion of curing
 f - a potion of experience {unknown}
 g - a potion of brilliance {unknown}
 j - 2 potions of invisibility {unknown}
 k - a potion of heal wounds {unknown}


   Skills:
 + Level 4.3 Fighting
 - Level 1.7 Short Blades
 * Level 1.5 Maces & Flails
 - Level 2.0 Throwing
 + Level 3.2 Armour
 - Level 0.8 Dodging
 - Level 3.6 Stealth


You had 4 spell levels left.
You didn't know any spells.
Your spell library contained the following spells:

 Spells                   Type           Power      Damage    Failure   Level
 Portal Projectile        Hex/Tloc       0%         N/A       88%         3
 Tukima's Dance           Hex            0%         N/A       88%         3
 Iskenderun's Mystic Bla  Conj/Tloc      0%         2d3       99%         4
 Summon Forest            Summ/Tloc      0%         N/A       100%        5
 Summon Mana Viper        Hex/Summ       0%         N/A       100%        5
 Summon Cactus Giant      Summ           0%         N/A       100%        6


Dungeon Overview and Level Annotations

Branches:
Dungeon (4/15)
 Temple: D:4-7

Altars:


Innate Abilities, Weirdness & Mutations

You may rarely emit foul miasma when damaged in melee.
Your touch may inflict irresistible damage on your foes.


Message History

You kill the gnoll!
The gnoll barely misses you. The gnoll hits you with a +0 club.
You hit the gnoll. Your touch misses the gnoll.
The gnoll is lightly wounded.
The gnoll barely misses you. The gnoll hits you but does no damage.
You hit the gnoll.
The gnoll is lightly wounded.
The gnoll closely misses you.
The gnoll hits you from afar with a +0 halberd!
You are too injured to fight recklessly!
The gnoll hits you with a +0 club.
You emit a cloud of foul miasma!
The dart slug launches a dart at you.
The slug dart hits you but does no damage.
There is an open door, spattered with blood here.
The gnoll attacks as you move away! The gnoll closely misses you.
The gnoll is engulfed in dark miasma.
The gnoll is poisoned.
The gnoll seems to slow down.
You closely miss the gnoll.
The gnoll is heavily wounded.
The gnoll is no longer moving slowly.
The gnoll hits you from afar with a +0 halberd!
The gnoll hits you but does no damage.
You hit the gnoll. Your touch misses the gnoll.
The gnoll is severely wounded.
The gnoll hits you from afar with a +0 halberd.
The gnoll hits you but does no damage.
The gnoll hits you from afar with a +0 halberd!
* * * LOW HITPOINT WARNING * * *
You hit the gnoll.
You kill the gnoll!
The gnoll hits you from afar with a +0 halberd.
* * * LOW HITPOINT WARNING * * *
The dart slug launches a dart at you.
The slug dart hits you but does no damage.
It was a potion of curing.
You feel better. The gnoll misses you. The gnoll closely misses you.
You hit the gnoll.
The gnoll is lightly wounded.
The gnoll hits you with a +0 halberd!
You die...

#..............######
##+#######..........#
#..........#
#..........#
#...#..........#
#...#..........#
#...#..........#
+...#..........#
#...#...g@.....#
#.##...#..w..######
+......#.....'...#
#......'...).#...#
#....).#.....#...#
#......#.....#...#
########.....#####
#######


You could see a gnoll and a dart slug.

Vanquished Creatures
  A scorpion (D:4)
  A hound (D:4)
  Terence (D:3)
  An orc wizard (D:3)
  2 gnolls (D:4)
  2 adders
  A worm (D:3)
  2 dart slugs
  An orc (D:3)
  8 bats
  8 endoplasms
  4 giant cockroaches
  6 goblins
  5 hobgoblins
  8 kobolds
  4 quokkas
  4 ball pythons
  5 rats
64 creatures vanquished.

Notes
Turn   | Place    | Note
-------+----------+-------------------------------------------
     0 | D:1      | Iniera the Demonspawn Brigand began the quest for the Orb.
     0 | D:1      | Reached XP level 1. HP: 16/16 MP: 1/1
   133 | D:1      | Gained mutation: Your touch may inflict minor irresistible
                  | damage on your foes. [demonic ancestry]
   133 | D:1      | Reached XP level 2. HP: 20/23 MP: 2/2
   232 | D:1      | Reached skill level 1 in Armour
   657 | D:1      | Reached XP level 3. HP: 26/28 MP: 3/3
   878 | D:2      | Reached skill level 3 in Fighting
  1529 | D:3      | Found the +1 Delatra's gloves {ID++}
  1541 | D:3      | Gained mutation: Your touch may inflict irresistible damage
                  | on your foes. [demonic ancestry]
  1541 | D:3      | Reached XP level 4. HP: 32/35 MP: 4/4
  1608 | D:3      | Noticed Terence
  1613 | D:3      | Killed Terence
  2323 | D:4      | Reached skill level 4 in Fighting
  2323 | D:4      | Gained mutation: You may rarely emit foul miasma when
                  | damaged in melee. [demonic ancestry]
  2323 | D:4      | Reached XP level 5. HP: 22/42 MP: 5/5
  2621 | D:4      | Reached skill level 1 in Maces & Flails
  2726 | D:4      | Slain by a gnoll

Illustrated notes

Levels and vault maps discovered:
D:1:      dpeg_arrival_renting, layout_loops_cross, roderic_malta_cross
D:2:      layout_basic
D:3:      layout_basic, pf_guarded_unrand_delatra, uniq_terence
D:4:      layout_gridville

Skill      XL: |  1  2  3  4  5 |
---------------+----------------+-----
Throwing       | 2 |  2.0
Armour         | 1 2 3 |  3.2
Fighting       | 3 4 |  4.3
Maces & Flails | 1 |  1.5
Short Blades   | |  1.7
Dodging        | |  0.8
Stealth        | |  3.6

Action                     |  1- 3 |  4- 6 || total
---------------------------+-------+-------++-------
  Melee: Dagger            |   107 |    43 ||   150
         Punch             |     1 |       ||     1
         Touch             |    18 |     8 ||    26
    Use: Scroll            |     7 |     1 ||     8
         Potion            |       |     1 ||     1
   Stab: Sleeping          |     7 |     2 ||     9
         Distracted        |       |     1 ||     1
 Armour: Robe              |     3 |       ||     3
         Ring mail         |    29 |    18 ||    47
  Dodge: Dodged            |    46 |    22 ||    68

Table legend: (Time is in decaauts)
 A = Elapsed time spent in this place.
 B = Non-inter-level travel time spent in this place.
 C = Inter-level travel time spent in this place.
 D = Time resting spent in this place.
 E = Time spent auto-exploring this place.
 F = Levels seen in this place.
 G = Mean time per level.
                   A        B        C        D        E       F      G
               +--------+--------+--------+--------+--------+-----+--------+
         Total |   2713 |   2630 |     83 |    100 |   2114 |   4 |  678.2 |
       Dungeon |   2713 |   2630 |     83 |    100 |   2114 |   4 |  678.2 |
               +--------+--------+--------+--------+--------+-----+--------+

Top non-repeatable levels by time:
     D:3: 937 daAuts
     D:1: 827 daAuts
     D:2: 489 daAuts
     D:4: 459 daAuts
